 Dungeon Crawl Stone Soup version 0.17-a0-2093-gc772f4b (webtiles) character file.

2205 brucemayne the Cleaver (level 9, -3/75 HPs)
             Began as a Hill Orc Berserker on Oct 16, 2015.
             Was a Priest of Trog.
             Shot with an arrow by a centaur (12 damage)
             ... on level 11 of the Dungeon.
             The game lasted 00:09:32 (1999 turns).

brucemayne the Cleaver (Hill Orc Berserker)         Turns: 1999, Time: 00:09:32

Health: -3/75      AC: 13    Str: 21    XL:     9   Next: 34%
Magic:  9/9        EV:  5    Int:  9    God:    Trog [***...]
Gold:   276        SH:  0    Dex:  9    Spells: 0 memorised, 8 levels left

rFire  . . .     SeeInvis .     r - +0 war axe
rCold  . . .     Clarity  .     e - +0 scale mail
rNeg   . . .     SustAt   .     (no shield)
rPois  .         Gourm    .     (no helmet)
rElec  .         Spirit   .     n - +0 cloak
rCorr  .         Warding  .     (no gloves)
rMut   .         Stasis   .     (no boots)
MR     .....                    (no amulet)
Stlth  ..........               (no ring)
                                (no ring)

@: not resistant to hostile enchantments, extremely unstealthy
A: rough black scales 1
a: Burn Spellbooks, Berserk, Trog's Hand, Renounce Religion


You were on level 11 of the Dungeon.
You worshipped Trog.
Trog was most pleased with you.
You were not hungry.

You visited 1 branch of the dungeon, and saw 11 of its levels.

You collected 276 gold pieces.

Inventory:

Hand Weapons
 a - a +0 hand axe
 r - a +0 war axe (weapon)
Armour
 b - a +0 animal skin
 e - a +0 scale mail (worn)
 n - a +0 cloak (worn)
Wands
 o - a wand of polymorph (10)
Scrolls
 d - a scroll of recharging {unknown}
 h - a scroll of fear {unknown}
 i - a scroll of fog {unknown}
 j - a scroll of enchant weapon {unknown}
 k - 4 scrolls of identify {unknown}
 l - 2 scrolls of remove curse {unknown}
 p - a scroll of enchant armour {unknown}
 q - a scroll of teleportation {unknown}
 v - a scroll of noise {unknown}
 w - 2 scrolls of vulnerability {unknown}
Potions
 f - 2 potions of curing
 g - a potion of cancellation {unknown}
 m - a potion of haste {unknown}
 s - a potion of flight {unknown}
 u - a potion of magic {unknown}
Comestibles
 c - 2 bread rations
 t - 6 chunks of flesh
 x - 2 mutagenic chunks of flesh


   Skills:
 - Level 6.2 Fighting
 + Level 12.9 Axes
 + Level 6.5 Armour
 - Level 1.5 Dodging


You had 8 spell levels left.
You didn't know any spells.

Dungeon Overview and Level Annotations

Branches:
Dungeon (11/15)
 Temple: D:4-7         Lair: D:8-11         Orc: D:9-12

Altars:
Kikubaaqudgha
Nemelex Xobeh
Okawaru
Qazlal
Yredelemnul
Zin

Shops:
D:8 (


Innate Abilities, Weirdness & Mutations

You are partially covered in rough black scales (AC +4, Dex -1).


Message History

You kill the hound!
Trog accepts your kill.
There is a stone staircase leading down here.
You climb downwards.
An ice beast comes into view.
The centaur shouts!
The centaur shoots an arrow.
The arrow hits you!
* * * LOW HITPOINT WARNING * * *
The centaur shoots an arrow.
The arrow hits you.
* * * LOW HITPOINT WARNING * * *
x2 The centaur shoots an arrow.
The arrow hits you.
* * * LOW HITPOINT WARNING * * *
Found a scroll labeled JIMUVA ROPIMECURR and a scroll labeled TYRCHITTOXOK.
There is a stone staircase leading up, spattered with blood here.
You see here 3 arrows.
The centaur shoots an arrow.
The arrow barely misses you.
The centaur shoots an arrow.
The arrow hits you.
* * * LOW HITPOINT WARNING * * *
x2 The centaur shoots an arrow.
The arrow hits you!
You die...

..........#
..........#
..........#
..........#
..........#
........?.#
..c.....?.#####
#.$...Y.c..@.......
#.......c....(#####
#.......c.....#
#.............#
#.............#
#.............#
#.C...........#
#<............#
#........


You could see an ice beast and 4 centaurs.

Vanquished Creatures
  An ugly thing (D:10)
  A wraith (D:10)
  A water moccasin (D:6)
  4 ice beasts
  A centaur (D:8)
  An ogre (D:8)
  A big kobold (D:8)
  4 giant frogs
  A crocodile (D:10)
  2 scorpions
  A water moccasin skeleton (D:4)
  2 killer bees
  A crimson imp (D:4)
  2 hounds
  A giant frog zombie (D:6)
  A jelly (D:8)
  2 orc priests
  2 orc wizards (D:4)
  3 worker ants
  A hound skeleton (D:4)
  3 adders
  An ooze (D:7)
  A giant gecko (D:6)
  26 orcs
  A ball python (D:3)
  3 giant cockroaches
  6 goblins
  4 hobgoblins
  2 jackals (D:2)
  5 kobolds
  4 bats
  A giant newt (D:2)
  4 quokkas
  2 rats
96 creatures vanquished.

Notes
Turn   | Place    | Note
--------------------------------------------------------------
     0 | D:1      | brucemayne the Hill Orc Berserker began the quest for the Orb.
     0 | D:1      | Reached XP level 1. HP: 19/19 MP: 1/1
   184 | D:1      | Reached XP level 2. HP: 26/26 MP: 2/2
   280 | D:2      | Reached skill level 5 in Axes
   318 | D:2      | Reached XP level 3. HP: 21/31 MP: 3/3
   447 | D:2      | Reached ** piety under Trog
   467 | D:3      | Reached skill level 6 in Axes
   650 | D:4      | Reached XP level 4. HP: 28/39 MP: 4/4
   708 | D:4      | Reached skill level 7 in Axes
   731 | D:4      | Reached XP level 5. HP: 45/45 MP: 5/5
   807 | D:4      | Noticed a phantom
   864 | D:4      | Reached skill level 8 in Axes
   879 | D:4      | Reached XP level 6. HP: 21/51 MP: 6/6
   891 | D:4      | Reached skill level 9 in Axes
   979 | D:5      | Entered Level 5 of the Dungeon
   979 | D:5      | Found an iron altar of Okawaru.
   996 | D:6      | Reached *** piety under Trog
   998 | D:6      | Noticed a water moccasin
  1003 | D:6      | Reached skill level 10 in Axes
  1003 | D:6      | Reached XP level 7. HP: 57/57 MP: 7/7
  1007 | D:6      | Killed a water moccasin
  1186 | D:6      | Reached skill level 11 in Axes
  1209 | D:6      | Found an ancient bone altar of Kikubaaqudgha.
  1212 | D:6      | Found a sparkling altar of Nemelex Xobeh.
  1212 | D:6      | Found a glowing silver altar of Zin.
  1317 | D:8      | Reached XP level 8. HP: 45/64 MP: 8/8
  1319 | D:8      | Reached skill level 12 in Axes
  1360 | D:8      | Found Waenlamo's Weapon Shoppe.
  1608 | D:9      | Reached skill level 5 in Fighting
  1638 | D:10     | Entered Level 10 of the Dungeon
  1651 | D:10     | HP: 3/68 [giant frog (5)]
  1664 | D:10     | HP: 5/102 [giant frog (4)]
  1815 | D:9      | Found a stormy altar of Qazlal.
  1815 | D:9      | Found a basalt altar of Yredelemnul.
  1862 | D:10     | Reached skill level 5 in Armour
  1885 | D:10     | Reached XP level 9. HP: 58/75 MP: 9/9
  1913 | D:10     | Noticed a red ugly thing
  1924 | D:10     | Killed a red ugly thing
  1969 | D:10     | Gained mutation: You are partially covered in rough black scales (AC +4, Dex -1). [mutagenic meat]
  1986 | D:11     | Noticed a hill giant
  1986 | D:11     | Noticed a hill giant
  1999 | D:11     | Shot with an arrow by a centaur

Vault maps used:
D:1:      sevenhm_arrival_forest_fort_large_2
D:2:      lemuel_doored_altar
D:3:      first_bread
D:5:      tso_metal_star, basic_altar
D:6:      gammafunk_temple_overflow_forgotten
D:7:      minmay_temple_entry_junction, the_bakery, grunt_ministairs_6,
          uniq_duvessa
D:8:      serial_shops, shop_coins, st_stairs_11
D:9:      gammafunk_temple_overflow_wave, special_room, serial_shops,
          nicolae_shop_stone, serial_glass, glass_columns_a, glass_columns_b,
          okawaru_altar_gauntlet_db, uniq_pikel
D:10:     erik_orc_1, minivault_29, uniq_fannar
D:11:     nemelex_xobeh_ov_fountains_minmay

Action                   |  1- 3 |  4- 6 |  7- 9 || total
-------------------------+-------+-------+-------++-------
Melee: Hand axe          |   105 |    86 |     2 ||   193
       War axe           |       |       |   152 ||   152
Invok: Berserk           |     1 |     3 |     5 ||     9
       Trog's Hand       |       |     2 |     5 ||     7
  Use: Potion            |       |     1 |     1 ||     2
  Eat: Chunk             |       |     3 |     3 ||     6
       Bread ration      |       |     1 |       ||     1
       Meat ration       |       |       |     1 ||     1
